 Dungeon Crawl Stone Soup version 0.18-a0-917-g8a3da5b (webtiles) character file.

3000 George the Frost Mage (level 9, -4/68 HPs)
             Began as a Merfolk Ice Elementalist on Dec 26, 2015.
             Was an Initiate of Okawaru.
             Slain by an unseen horror (11 damage)
             ... on level 9 of the Dungeon.
             The game lasted 00:29:05 (9823 turns).

George the Frost Mage (Merfolk Ice Elementalist)    Turns: 9823, Time: 00:29:06

Health: -4/68      AC:  9    Str:  8    XL:     9   Next: 84%
Magic:  9/12       EV: 16    Int: 27    God:    Okawaru [......]
Gold:   427        SH:  0    Dex: 14    Spells: 3 memorised, 4 levels left

rFire  . . .     SeeInvis .     V - +3 halberd (freeze) (curse)
rCold  . . .     Gourm    .     U - +2 robe "Hemin" {Int+7}
rNeg   . . .     Faith    .     (shield currently unavailable)
rPois  .         Spirit   .     X - +0 helmet
rElec  .         Dismiss  .     t - +2 cloak {MR+}
rCorr  .         Reflect  .     (no gloves)
SustAt .         Harm     +     B - +0 pair of boots
MR     +....                    T - amulet of harm
Stlth  ++........               (no ring)
                                H - +2 ring of intelligence

@: somewhat resistant to hostile enchantments, unstealthy
A: change form in water, swift swim
a: Renounce Religion


You were on level 9 of the Dungeon.
You worshipped Okawaru.
Okawaru was noncommittal.
You were hungry.

You visited 2 branches of the dungeon, and saw 10 of its levels.

You collected 427 gold pieces.

Inventory:

Hand Weapons
 g - a +0 spear
 V - a cursed +3 halberd of freezing (weapon)
Armour
 t - a +2 cloak of magic resistance (worn)
 B - a +0 pair of boots (worn)
 Q - a +2 robe of magic resistance
 U - the +2 robe "Hemin" (worn) {Int+7}
   (You found it on level 9 of the Dungeon)

   It affects your intelligence (+7).
 X - a +0 helmet (worn)
Jewellery
 H - a +2 ring of intelligence (left hand)
 T - an amulet of harm (around neck)
Wands
 s - a wand of magic darts (21/48)
 A - a wand of slowing (28/48)
 J - a wand of cold (3/15)
 K - a wand of slowing (15/48)
 L - a wand of fire (2/15)
 S - a wand of magic darts (27/48)
 Z - a wand of random effects (18/48)
Scrolls
 l - 2 scrolls of amnesia
 p - 2 scrolls of remove curse
 q - 4 scrolls of enchant armour
 v - 3 scrolls of fog
 w - 4 scrolls of magic mapping
 N - 2 scrolls of enchant weapon
 O - a scroll of teleportation
Potions
 j - 3 potions of flight
 r - a potion of cancellation
 x - 2 potions of haste
 D - 2 potions of resistance
 E - 3 potions of heal wounds
 F - 3 potions of curing
 W - a potion of magic
 Y - a potion of berserk rage {unknown}
Books
 b - a book of Frost

   Spells                             Type                      Level
   a - Freeze                         Ice                          1
   b - Throw Frost                    Conjuration/Ice              2
   c - Ozocubu's Armour               Charms/Ice                   3
   d - Throw Icicle                   Conjuration/Ice              4
   e - Summon Ice Beast               Ice/Summoning                4
   f - Condensation Shield            Ice                          4
 R - a book of Power

   Spells                             Type                      Level
   a - Fulminant Prism                Conjuration/Hexes            4
   b - Iskenderun's Mystic Blast      Conjuration                  4
   c - Venom Bolt                     Conjuration/Poison           5
   d - Bolt of Magma                  Conjuration/Fire/Earth       5
   e - Iron Shot                      Conjuration/Earth            6
   f - Orb of Destruction             Conjuration                  7
   g - Spellforged Servitor           Conjuration/Summoning        7
Comestibles
 c - 9 bread rations
 k - a beef jerky
 n - 4 meat rations
 z - 5 fruits
 G - 9 slices of pizza
 P - 3 chunks of flesh


   Skills:
 + Level 5.2 Fighting
 + Level 6.8 Polearms
 + Level 7.0 Dodging
 - Level 2.1 Stealth
 - Level 2.0 Spellcasting
   Level 0.7 Conjurations
 * Level 5.9 Charms
 * Level 5.0 Summonings
 * Level 8.0 Ice Magic
 + Level 1.0 Invocations


You had 4 spell levels left.
You knew the following spells:

 Your Spells              Type           Power        Failure   Level  Hunger
a - Freeze                Ice            ####         1%          1    None
b - Ozocubu's Armour      Chrm/Ice       #####...     1%          3    ###....
c - Summon Ice Beast      Ice/Summ       #####...     8%          4    ####...


Dungeon Overview and Level Annotations

Branches:
Dungeon (9/15)             Temple (1/1) D:5
   Lair: D:8-11         Orc: D:9-12

Altars:
Ashenzari
Cheibriados
Dithmenos
Elyvilon
Fedhas
Gozag
Kikubaaqudgha
Makhleb
Nemelex Xobeh
Okawaru
Pakellas
Qazlal
Ru
Sif Muna
Trog
Xom
Yredelemnul
Zin
The Shining One

Shops:
D:8 !


Message History

Something hits you but does no damage. The giant frog hits you.
* * * LOW HITPOINT WARNING * * *
Casting: Freeze
Confirm with . or Enter, or press ? or * to list all spells.
Aiming: Freeze
Press: ? - help, Shift-Dir - straight line, f/p - giant frog
Aim: a giant frog (almost dead, slow)
You freeze the giant frog.
You kill the giant frog!
Okawaru accepts your kill.
Your Dodging skill increases to level 7!
Your Ice Magic skill increases to level 8!
Your Invocations skill increases to level 1!
Something hits you.
* * * LOW HITPOINT WARNING * * *
Something barely misses you. Something hits you!
* * * LOW HITPOINT WARNING * * *
You miss something. Something hits you!
You die...

####### #.oFs.##
#'''#l.#############
#l.s##5@.#.....<....
#F.#..###............
...###..
##........... #.o#.
.#. ##.......... .. #
###. ##.<....... # .#
##........ #
#........ ##........
##.........


You could see a giant frog, a scorpion, an iguana, an orc wizard and a crimson
imp.

Vanquished Creatures
  Menkaure (D:6)
  2 hippogriffs
  Edmund (D:6)
  2 orc warriors
  2 ogres (D:6)
  A necrophage (D:8)
  A centaur (D:8)
  6 giant frogs
  A water moccasin skeleton (D:6)
  2 scorpions
  3 killer bees (D:7)
  6 wights
  4 crimson imps
  3 hounds (D:5)
  2 jellies
  Crazy Yiuf (D:3)
  6 worker ants
  A giant frog skeleton (D:6)
  5 orc wizards
  Ijyb (D:2)
  5 iguanas
  An orc priest (D:6)
  A hound skeleton (D:7)
  10 adders
  7 gnolls
  2 shadow imps
  An ooze (D:3)
  5 giant geckos
  21 orcs
  3 ball pythons
  6 giant cockroaches
  7 goblins
  7 hobgoblins
  8 jackals
  8 kobolds
  4 quokkas
  4 bats
  8 giant newts
  A quokka zombie (D:5)
  11 rats
171 creatures vanquished.

Vanquished Creatures (others)
  2 orc wizards (D:3)
  2 kobolds (D:8)
4 creatures vanquished.

Grand Total: 175 creatures vanquished

Notes
Turn   | Place    | Note
--------------------------------------------------------------
     0 | D:1      | George the Merfolk Ice Elementalist began the quest for the Orb.
     0 | D:1      | Reached XP level 1. HP: 13/13 MP: 3/3
   183 | D:1      | Reached XP level 2. HP: 14/19 MP: 5/5
   423 | D:1      | Reached skill level 1 in Polearms
   741 | D:1      | Reached skill level 4 in Ice Magic
   889 | D:2      | Reached XP level 3. HP: 25/25 MP: 2/6
   944 | D:2      | Noticed Ijyb
   978 | D:2      | Killed Ijyb
   978 | D:2      | Reached skill level 1 in Fighting
  1064 | D:2      | Reached XP level 4. HP: 27/32 MP: 7/7
  1778 | D:3      | Learned a level 3 spell: Ozocubu's Armour
  1887 | D:3      | Found a deep blue altar of Sif Muna.
  1906 | D:3      | Identified Sif Muna's Papyrus of the Frostbite
  2147 | D:2      | Reached XP level 5. HP: 36/38 MP: 4/8
  2696 | D:3      | Found a snail-covered altar of Cheibriados.
  2773 | D:3      | Noticed Crazy Yiuf
  2782 | D:3      | Killed Crazy Yiuf
  3042 | D:4      | Found a shattered altar of Ashenzari.
  3173 | D:4      | Reached skill level 1 in Charms
  3173 | D:4      | Reached XP level 6. HP: 25/46 MP: 9/9
  3728 | D:4      | Reached skill level 5 in Ice Magic
  4159 | D:4      | Found a stormy altar of Qazlal.
  4539 | D:5      | Entered Level 5 of the Dungeon
  4542 | D:5      | Found a blossoming altar of Fedhas.
  4803 | D:5      | Reached XP level 7. HP: 47/52 MP: 4/10
  4812 | D:5      | Learned a level 4 spell: Summon Ice Beast
  5046 | D:5      | Reached skill level 1 in Summonings
  5115 | D:5      | Found a staircase to the Ecumenical Temple.
  5125 | Temple   | Entered the Ecumenical Temple
  5480 | D:6      | Reached skill level 5 in Dodging
  5603 | D:6      | Noticed Edmund
  5617 | D:6      | Killed Edmund
  5618 | D:6      | Noticed Menkaure
  5889 | D:6      | Killed Menkaure
  5889 | D:6      | Reached skill level 5 in Polearms
  5889 | D:6      | Reached skill level 6 in Ice Magic
  5889 | D:6      | Reached XP level 8. HP: 53/60 MP: 11/11
  7712 | D:7      | Reached skill level 7 in Ice Magic
  7844 | D:7      | Reached XP level 9. HP: 66/66 MP: 12/12
  8102 | D:7      | Reached skill level 5 in Charms
  8301 | D:8      | Found Vecacwif's Distillery.
  8903 | D:8      | Found a shadowy altar of Dithmenos.
  8927 | D:8      | Reached skill level 5 in Fighting
  9258 | D:9      | Found a sacrificial altar of Ru.
  9261 | D:9      | Found an iron altar of Okawaru.
  9274 | D:9      | Became a worshipper of Warmaster Okawaru
  9685 | D:9      | Got an ichor-stained robe
  9696 | D:9      | Identified the +2 robe "Hemin" {Int+7} (You found it on level 9 of the Dungeon)
  9789 | D:9      | Reached skill level 5 in Summonings
  9820 | D:9      | Reached skill level 8 in Ice Magic
  9820 | D:9      | Reached skill level 1 in Invocations
  9823 | D:9      | Slain by an unseen horror

Vault maps used:
D:1:      minmay_arrival_doors
D:2:      uniq_iyjb
D:3:      led_sif_book, first_bread, cheibriados_altar_wand_db,
          uniq_crazy_yiuf_cottage
D:4:      kennysheep_little_box, nicolae_ashenzari_panopticon
D:5:      lemuel_crystal_altar, temple_statues
D:6:      serial_bayou_ford_a, kennysheep_pointless_box, uniq_edmund,
          uniq_menkaure
D:8:      nicolae_overflow_hidden_temple, serial_glass, glass_columns_b,
          glass_columns_a, minmay_strange_pillars, item_on_display_b,
          minmay_strange_pillars, serial_shops, shop, grunt_pizzeria,
          lemuel_old_faithful
D:9:      okawaru_ov_weapons_minmay, kennysheep_mini, kennysheep_mini_moat,
          kennysheep_kite_vault
Temple:   circular_temple_12

Action                   |  1- 3 |  4- 6 |  7- 9 || total
-------------------------+-------+-------+-------++-------
Melee: Spear             |    57 |    73 |       ||   130
       Halberd           |       |    91 |   318 ||   409
 Cast: Freeze            |    22 |    47 |    58 ||   127
       Ozocubu's Armour  |       |       |     9 ||     9
Evoke: Wand              |       |       |     1 ||     1
  Use: Scroll            |       |    14 |     3 ||    17
       Potion            |       |     1 |       ||     1
 Stab: Sleeping          |     2 |    10 |     3 ||    15
       Invisible         |       |     1 |       ||     1
  Eat: Chunk             |     1 |    12 |    16 ||    29
       Royal jelly       |       |       |     1 ||     1
